 Dungeon Crawl Stone Soup version 0.32-a0-768-g0f6f1dd4b9 (webtiles) character file.

Game seed: 6591600993127984334

5320 kae the Carver (level 10, -2/79 HPs)
             Began as a Coglin Gladiator on Mar 18, 2024.
             Was an Elder of Okawaru.
             Slain by a basilisk (7 damage)
             ... while petrified by a basilisk
             ... on level 8 of the Dungeon.
             The game lasted 00:07:49 (8144 turns).

kae the Carver (Coglin Gladiator)                   Turns: 8144, Time: 00:07:49

Health: -2/79      AC:  9    Str: 16    XL:     10   Next: 64%
Magic:  10/10      EV:  2    Int:  7    God:    Okawaru [****..]
Gold:   239        SH:  0    Dex: 19    Spells: 9/9 levels left

rFire   . . .        a - +0 long sword {Chaewon}
rCold   . . .        o - +2 falchion (pain) {Suphaphon}
rNeg    + + +        b - +0 leather armour
rPois   ∞            c - +2 helmet
rElec   .            n - +2 cloak
rCorr   .            (no gloves)
SInv    .            (no boots)
Will    .....        (amulet unavailable)
Stlth   +            (ring unavailable)
HPRegen 0.33/turn    (ring unavailable)
MPRegen 0.12/turn    (no gizmo)

%: no passive effects
@: petrified, on berserk cooldown, slowed
A: off-hand wielding, slow wielding, warmup strikes, no jewellery
a: Invent Gizmo, Renounce Religion, Heroism, Finesse


You were on level 8 of the Dungeon.
You worshipped Okawaru.
Okawaru was greatly pleased with you.
You visited 2 branches of the dungeon, and saw 9 of its levels.
You also visited: Sewer.

You collected 413 gold pieces.
You spent 174 gold pieces at shops.


Innate Abilities, Weirdness & Mutations

You can wield a second weapon in your off-hand.
It takes a long time for you to wield or remove held weapons.
Your first few attacks do less damage.
You cannot equip rings or amulets.


   Skills:
 + Level 7.3 Fighting
 - Level 14.0 Long Blades
 - Level 1.7 Throwing
 - Level 2.6 Dodging


You had 9 spell levels left.
You didn't know any spells.
Your spell library contained the following spells:

 Spells                   Type           Power      Damage    Failure   Level
 Hailstorm                Conj/Ice       0%         3d5       86%         3
 Permafrost Eruption      Ice/Erth       0%         2x4d2     100%        6
 Summon Ice Beast         Ice/Summ       Unusable   N/A       N/A         3
 Sculpt Simulacrum        Ice/Alch       Unusable   N/A       N/A         6

Inventory:

Hand Weapons
 a - a +0 long sword (weapon) {Chaewon}
 f - a +0 dagger {Choonhe}
 o - a +2 falchion of pain (offhand) {Suphaphon}
   (You bought it in a shop on level 1 of the Dungeon)
Missiles
 d - 3 throwing nets (quivered) {=f!f}
 e - 4 javelins
 g - 83 stones
 l - 10 poisoned darts
 v - 4 boomerangs
 w - a curare-tipped dart {=f}
Armour
 b - a +0 leather armour (worn)
 c - a +2 helmet (worn)
 k - a +1 helmet
   (You found it on level 3 of the Dungeon)
 n - a +2 cloak (worn)
   (You found it on level 2 of the Dungeon)
Jewellery
 E - a +5 ring of evasion
   (You found it on level 7 of the Dungeon)
 F - a ring of protection from fire
   (You took it off a kobold brigand on level 6 of the Dungeon)
 G - an amulet of guardian spirit
   (You found it on level 6 of the Dungeon)
Wands
 x - a wand of digging (2)
   (You found it on level 7 of the Dungeon)
 y - a wand of acid (8)
   (You found it on level 8 of the Dungeon)
Scrolls
 i - a scroll of amnesia
 m - a scroll of teleportation {@r4}
 p - 5 scrolls of identify {@r1}
 z - a scroll of silence {!r}
 A - a scroll of fog
 B - a scroll of revelation {unknown}
Potions
 h - a potion of resistance
 j - 2 potions of brilliance
 q - 2 potions of curing {@q1}
 t - 5 potions of invisibility
 u - 2 potions of cancellation

Dungeon Overview and Level Annotations

Branches:
Dungeon (8/15) Zot: 26506  Temple (1/1) D:4 Zot: 5985    Lair (0/5) D:8
  Sewer (visited)

Altars:
Ashenzari
Dithmenos
Elyvilon
Fedhas
Gozag
Hepliaklqana
Kikubaaqudgha
Makhleb
Nemelex Xobeh
Okawaru
Qazlal
Ru
Trog
Uskayaw
Vehumet
Wu Jian
Xom
Yredelemnul
Zin
The Shining One

Shops:
D:1 [((?

#..[..# ######..#
##.....##########.....#
#......................
#...##..###############.
#####......# ##
##.......# # ##........#
#.........# #.....@...##
##....lY....#
#...........#
#...........#
##...........##
#...............
##...........####.
#.........####...
#...).....# .....


You could see an elephant and a basilisk.


Message History

The elephant tramples you.
You stumble backwards! 😕 HP[-2]
You take 2 damage, and now have 98/118 hp.
You closely miss the basilisk with your +2 falchion of pain.
You barely miss the basilisk with your +0 long sword.
The elephant barely misses you.
The elephant trunk-slaps you but does no damage.
The basilisk bites you but does no damage.
You have turned to stone.
The elephant tramples you but does no damage.
The elephant trunk-slaps you but does no damage.
The basilisk bites you!
The elephant tramples you but does no damage.
The elephant trunk-slaps you but does no damage.
The basilisk bites you but does no damage.
You are no longer berserk.
You feel yourself slow down. The elephant tramples you!
You are shoved backwards!
The elephant tramples you!
You are shoved backwards!
The elephant tramples you but does no damage.
The elephant trunk-slaps you but does no damage.
The basilisk bites you but does no damage.
The elephant tramples you but does no damage.
The elephant trunk-slaps you. The basilisk bites you.
The elephant tramples you but does no damage.
The elephant trunk-slaps you but does no damage.
The basilisk gazes at you. You resist with some effort.
The elephant tramples you but does no damage.
The elephant trunk-slaps you but does no damage.
The basilisk gazes at you. The elephant tramples you.
You are shoved backwards!
You turn to flesh and can move again. 😮 HP[-49]
You now have 79 max hp (-39).
You take 49 damage, and now have 49/79 hp.
MASSIVE DAMAGE!! (PAUSE)
You slash the basilisk with your +0 long sword!
You slash the basilisk with your +2 falchion of pain!
You feel sick.
The elephant tramples you but does no damage.
The elephant closely misses you.
The basilisk barely misses you. 😮 HP[-1]
You take 1 damage, and now have 48/79 hp.
You closely miss the basilisk with your +2 falchion of pain.
You closely miss the basilisk with your +0 long sword.
You feel sick.
You are no longer poisoned.
The elephant tramples you.
You stumble backwards! 😮 HP[-6]
You take 6 damage, and now have 42/79 hp.
You hit the basilisk with your +2 falchion of pain.
You barely miss the basilisk with your +0 long sword.
The elephant tramples you!
* * * LOW HITPOINT WARNING * * *
You stumble backwards! 😨 HP[-15]
You take 15 damage, and now have 27/79 hp.
You barely miss the basilisk with your +0 long sword.
You hit the basilisk with your +2 falchion of pain.
The elephant barely misses you. The elephant trunk-slaps you.
* * * LOW HITPOINT WARNING * * *
The basilisk bites you!
* * * LOW HITPOINT WARNING * * *
😱 HP[-16]
You take 16 damage, and now have 11/79 hp.
MASSIVE DAMAGE!! (PAUSE)
You miss the basilisk with your +0 long sword.
You barely miss the basilisk with your +2 falchion of pain.
The elephant closely misses you. The elephant completely misses you.
The basilisk gazes at you.
You are slowing down. 😱 HP[+1] Blink to where?
Press: ? - help, Dir - move target
As you read the scroll of blinking {!r}, it crumbles to dust.
You have turned to stone.
The elephant tramples you.
* * * LOW HITPOINT WARNING * * *
You are shoved backwards!
The elephant tramples you!
* * * LOW HITPOINT WARNING * * *
You hold your ground!
The elephant trunk-slaps you.
* * * LOW HITPOINT WARNING * * *
The elephant tramples you.
* * * LOW HITPOINT WARNING * * *
You are shoved backwards!
The elephant tramples you.
* * * LOW HITPOINT WARNING * * *
You are shoved backwards!
The elephant tramples you but does no damage.
The elephant trunk-slaps you but does no damage.
The basilisk bites you but does no damage.
The elephant tramples you but does no damage.
The elephant trunk-slaps you.
* * * LOW HITPOINT WARNING * * *
The basilisk bites you!
You die...

Skill      XL: |  1  2  3  4  5  6  7  8  9 10 |
---------------+-------------------------------+-----
Long Blades    | 4 5 6 8 9 11 13 14 | 14.0
Fighting       | 7 |  7.3
Throwing       | |  1.7
Dodging        | |  2.6

Action                     |  1- 3 |  4- 6 |  7- 9 | 10-12 || total
---------------------------+-------+-------+-------+-------++-------
  Melee: Long sword        |    66 |   133 |   328 |    58 ||   585
         Dagger            |    61 |   121 |   148 |       ||   330
         Falchion          |       |       |   158 |    61 ||   219
    Use: Scroll            |     6 |     3 |    10 |     1 ||    20
         Potion            |       |     2 |     1 |     1 ||     4
   Stab: Sleeping          |       |     3 |     4 |       ||     7
         Distracted        |       |       |     1 |       ||     1
 Armour: Leather armour    |    31 |    95 |   215 |    58 ||   399
  Dodge: Dodged            |    47 |    75 |   184 |    24 ||   330

Levels and vault maps discovered:
D:1:      amcnicky_arrival_single_pillar, layout_loops_ring, serial_shops, shop,
          nicolae_shop_tiny_statue_garden, shop, shop, serial_forest,
          infiniplex_forest_clump_double, infiniplex_forest_lined_4_way,
          infiniplex_forest_lined_2, infiniplex_forest_lined_room_,
          infiniplex_forest_lined_corner, infiniplex_forest_clump_medium,
          infiniplex_forest_clump_curved, kennysheep_another_room, minivault_5,
          minivault_19, chequers_serial_rivers_small_b, minmay_octomino_e4
D:2:      minmay_angry_zag, layout_rooms
D:3:      minmay_spotlight, layout_loops_ring,
          mainiacjoe_overflow_small_starburst, general_overflow_altar,
          portal_sewer_entry_e
D:4:      layout_loops_ring, mainiacjoe_overflow_large_starburst,
          minmay_temple_entry_large_hall, uniq_grinder
D:5:      layout_loops_corners, mainiacjoe_overflow_24_doors, goddamned_bats,
          uniq_menkaure
D:6:      cheibrodos_helix_gallery, layout_loops_ring, makhleb_heckhound_becter,
          nicolae_overflow_hidden_temple, amcnicky_altar_gilded
D:7:      layout_cave_pods, ashenzari_altar_1, mainiacjoe_overflow_alcove_4,
          minmay_misc_feat_room
D:8:      layout_cave_pods, mainiacjoe_overflow_alcove_2,
          kennysheep_orc_sif_temple, david_lair_generic,
          nicolae_elevator_lobby_plus, uniq_joseph
Temple:   nicolae_temple_ecumenical_triangle

Notes
Turn   | Place    | Note
-------+----------+-------------------------------------------
     0 | D:1      | kae the Coglin Gladiator began the quest for the Orb.
     0 | D:1      | Reached XP level 1. HP: 16/16 MP: 1/1
     0 | D:1      | magus.rc [v1.11.3]
   121 | D:1      | Found Judeybon's Magic Scroll Shop.
   220 | D:1      | Found Zulaicw's Antique Weapon Shoppe.
   239 | D:1      | Found Maesh's Armour Boutique.
   312 | D:1      | Reached XP level 2. HP: 20/22 MP: 2/2
   473 | D:1      | Reached skill level 4 in Long Blades
   508 | D:1      | Found Zoathian's Antique Weapon Shop.
   590 | D:1      | Reached XP level 3. HP: 27/27 MP: 3/3
  1424 | D:3      | Reached skill level 5 in Long Blades
  1424 | D:3      | Reached XP level 4. HP: 26/33 MP: 4/4
  1515 | D:3      | Found a glowing golden altar of the Shining One.
  1544 | D:3      | Reached XP level 5. HP: 19/38 MP: 5/5
  1651 | D:3      | Found a glowing drain.
  1656 | Sewer    | Entered a sewer
  1731 | Sewer    | Reached skill level 6 in Long Blades
  2230 | D:3      | Found an ornate altar of the Wu Jian Council.
  2482 | D:4      | Found a staircase to the Ecumenical Temple.
  2493 | Temple   | Entered the Ecumenical Temple
  2500 | Temple   | Became a worshipper of Warmaster Okawaru
  2546 | D:4      | Reached XP level 6. HP: 33/44 MP: 6/6
  2554 | D:4      | HP: 10/44 [gnoll/+0 flail (7)]
  2860 | D:4      | Found a shadowy altar of Dithmenos.
  2878 | D:4      | Found a blossoming altar of Fedhas.
  2900 | D:4      | Reached skill level 7 in Long Blades
  3080 | D:4      | Noticed Grinder
  3092 | D:4      | Killed Grinder
  3092 | D:4      | Reached * piety under Okawaru
  3093 | D:4      | Reached skill level 8 in Long Blades
  3093 | D:4      | Reached XP level 7. HP: 38/50 MP: 7/7
  3227 | D:5      | Entered Level 5 of the Dungeon
  3358 | D:5      | HP: 12/50 [something (5)]
  3510 | D:5      | Noticed Menkaure
  3519 | D:5      | Killed Menkaure
  3519 | D:5      | Reached ** piety under Okawaru
  3520 | D:5      | Reached skill level 9 in Long Blades
  3520 | D:5      | Reached XP level 8. HP: 34/56 MP: 8/8
  3884 | D:5      | You pick up a book of the Tundra and begin reading...
  3884 | D:5      | You add the spells Hailstorm and Permafrost Eruption to
                  | your library.
  3888 | D:5      | Found a hazy altar of Hepliaklqana.
  4030 | D:5      | Reached skill level 10 in Long Blades
  4840 | D:5      | Reached skill level 11 in Long Blades
  4936 | D:6      | Found a sparkling altar of Nemelex Xobeh.
  5124 | D:1      | Bought a runed falchion for 174 gold pieces
  5243 | D:6      | Found an ancient bone altar of Kikubaaqudgha.
  5486 | D:6      | Reached XP level 9. HP: 40/61 MP: 9/9
  5494 | D:6      | Reached *** piety under Okawaru
  5497 | D:6      | Reached skill level 12 in Long Blades
  5883 | D:6      | Identified the +0 leather armour of Courage {rElec rCorr
                  | Slay+3}
  6026 | D:6      | Found a burning altar of Makhleb.
  6337 | D:7      | Identified the +11 morningstar of Disgust {heavy, Str+4
                  | Stlth-}
  6435 | D:7      | Reached skill level 13 in Long Blades
  6621 | D:7      | Found a broken altar of Ashenzari.
  6875 | D:7      | Reached **** piety under Okawaru
  7566 | D:7      | Found a hide-covered altar of Uskayaw.
  7643 | D:8      | Reached XP level 10. HP: 67/67 MP: 10/10
  7665 | D:8      | Reached skill level 14 in Long Blades
  7678 | D:8      | Noticed a two-headed ogre
  7700 | D:8      | Reached skill level 3 in Fighting
  7713 | D:8      | Killed a two-headed ogre
  7714 | D:8      | Reached skill level 4 in Fighting
  7901 | D:8      | Reached skill level 5 in Fighting
  7919 | D:8      | Noticed a two-headed ogre
  7930 | D:8      | Killed a two-headed ogre
  7931 | D:8      | Reached skill level 6 in Fighting
  8109 | D:8      | Noticed an elephant
  8115 | D:8      | Reached skill level 7 in Fighting
  8117 | D:8      | Found a staircase to the Lair.
  8132 | D:8      | HP: 11/79 [basilisk (14)]
  8139 | D:8      | HP: 11/79 [elephant (3)]
  8144 | D:8      | HP: 5/79 [elephant (2)]
  8144 | D:8      | Slain by a basilisk

Vanquished Creatures
  2 two-headed ogres (D:8)
  Grinder (D:4)
  A hornet (D:8)
  A wyvern (D:8)
  A basilisk (D:8)
  Menkaure (D:5)
  4 water moccasins
  An ice beast (D:6)
  3 orc warriors
  2 black bears (D:6)
  5 sky beasts
  3 ogres
  A kobold brigand (D:6)
  2 bullfrogs (D:8)
  4 scorpions
  A vampire bat (D:5)
  5 hounds
  A jelly (D:5)
  3 bombardier beetles
  6 orc priests
  A hell rat (Sewer)
  2 iguanas
  A sleepcap (D:6)
  14 orc wizards
  3 gnolls (D:4)
  4 adders
  A river rat (Sewer)
  A white imp (D:7)
  2 ufetubi (D:5)
  4 dart slugs
  3 fire bats (D:5)
  2 ribbon worms
  37 orcs
  2 spectral bats (D:5)
  4 ball pythons
  15 bats
  3 bat skeletons (D:5)
  A bat zombie (D:5)
  7 endoplasms
  3 giant cockroaches
  9 goblins
  6 hobgoblins
  6 jackals (D:4)
  2 quokkas (D:3)
  A bat simulacrum (D:5)
  3 frilled lizards
  9 kobolds
  10 rats
204 creatures vanquished.

Table legend:
 A = Non-vault XP
 B = Vault XP
 C = Vault XP percentage of total XP
 D = Non-vault monster count
 E = Vault monster count
 F = Vault count percentage of total count
                 A         B        C        D         E       F
            +---------+---------+-------+---------+---------+-------
      Total |    6160 |    1440 |  18.9 |     163 |      41 |  20.1
            +---------+---------+-------+---------+---------+-------
        D:1 |      36 |       4 |  10.0 |      18 |       3 |  14.3
        D:2 |      20 |      14 |  41.2 |      10 |       2 |  16.7
        D:3 |     111 |       3 |   2.6 |      20 |       2 |   9.1
        D:4 |     360 |     277 |  43.5 |      23 |       1 |   4.2
        D:5 |     858 |     347 |  28.8 |      23 |      21 |  47.7
        D:6 |     926 |     326 |  26.0 |      26 |       3 |  10.3
        D:7 |    1279 |       0 |   0.0 |      26 |       0 |   0.0
        D:8 |    2570 |     414 |  13.9 |      17 |       2 |  10.5
      Sewer |       0 |      55 | 100.0 |       0 |       7 | 100.0
            +---------+---------+-------+---------+---------+-------

Skill      XL: |  1  2  3  4  5  6  7  8  9 10 |
---------------+-------------------------------+-----
Long Blades    | 4 5 6 8 9 11 13 14 | 14.0
Fighting       | 7 |  7.3
Throwing       | |  1.7
Dodging        | |  2.6

Action                     |  1- 3 |  4- 6 |  7- 9 | 10-12 || total
---------------------------+-------+-------+-------+-------++-------
  Melee: Long sword        |    66 |   133 |   328 |    58 ||   585
         Dagger            |    61 |   121 |   148 |       ||   330
         Falchion          |       |       |   158 |    61 ||   219
    Use: Scroll            |     6 |     3 |    10 |     1 ||    20
         Potion            |       |     2 |     1 |     1 ||     4
   Stab: Sleeping          |       |     3 |     4 |       ||     7
         Distracted        |       |       |     1 |       ||     1
 Armour: Leather armour    |    31 |    95 |   215 |    58 ||   399
  Dodge: Dodged            |    47 |    75 |   184 |    24 ||   330

Illustrated notes

Table legend:
 A = Kills in this place as a percentage of kills in the entire game.
 B = Kills by you in this place as a percentage of kills by you in the entire game.
 C = Kills by friends in this place as a percentage of kills by friends in the entire game.
 D = Other kills in this place as a percentage of other kills in the entire game.
 E = Experience gained in this place as a percentage of experience gained in the entire game.
 F = Experience gained in this place divided by the number of levels of this place that you have seen.
                   A       B       C       D       E      F
               +-------+-------+-------+-------+-------+----------------------
         Total | 100.0 | 100.0 |   N/A |   N/A | 100.0 | 760.0
       Dungeon |  96.6 |  96.6 |   N/A |   N/A |  99.3 | 943.1
         Sewer |   3.4 |   3.4 |   N/A |   N/A |   0.7 |  55.0
               +-------+-------+-------+-------+-------+----------------------

Table legend: (Time is in decaauts)
 A = Elapsed time spent in this place.
 B = Non-inter-level travel time spent in this place.
 C = Inter-level travel time spent in this place.
 D = Time resting spent in this place.
 E = Time spent auto-exploring this place.
 F = Levels seen in this place.
 G = Mean time per level.
                   A        B        C        D        E       F      G
               +--------+--------+--------+--------+--------+-----+--------+
         Total |   8090 |   7717 |    373 |    491 |   5687 |  10 |  809.0 |
       Dungeon |   7948 |   7582 |    366 |    491 |   5657 |   8 |  993.5 |
        Temple |     14 |      7 |      7 |      0 |      0 |   1 |   14.0 |
         Sewer |    127 |    127 |      0 |      0 |     30 |   1 |  127.0 |
               +--------+--------+--------+--------+--------+-----+--------+

Top non-repeatable levels by time:
     D:5: 1703 daAuts
     D:7: 1297 daAuts
     D:6: 1168 daAuts
     D:1: 959 daAuts
     D:4: 942 daAuts
     D:3: 857 daAuts
     D:2: 528 daAuts
     D:8: 492 daAuts
   Sewer: 127 daAuts
  Temple: 14 daAuts
